 Dungeon Crawl Stone Soup version 0.24.0-123-gd5b16e6ec5 (webtiles) character file.

Game seed: 1104693849870465711, levelgen mode: deterministic

107 magipi the Chucker (level 4, -8/38 HPs)
             Began as a Barachi Hunter on Feb 2, 2020.
             Was an Initiate of Gozag.
             Shot with an arrow by a centaur (9 damage)
             ... on level 3 of the Dungeon.
             The game lasted 00:09:28 (3239 turns).

magipi the Chucker (Barachi Hunter)                 Turns: 3239, Time: 00:09:28

Health: -8/38      AC:  6    Str: 15    XL:     4   Next: 85%
Magic:  4/4        EV: 11    Int: 11    God:    Gozag
Gold:   286        SH:  0    Dex: 12    Spells: 3/3 levels left

rFire    . . .     SeeInvis .   a - +0 short sword
rCold    . . .     Gourm    .   (no shield)
rNeg     . . .     Faith    .   i - +0 ring mail
rPois    .         Spirit   .   (no helmet)
rElec    .         Reflect  .   r - +0 cloak
rCorr    .         Harm     .   (no gloves)
MR       .....                  (no boots)
Stlth    +.........             (no amulet)
HPRegen  0.12/turn              (no ring)
MPRegen  0.09/turn              (no ring)

@: about to teleport, can't hop, slow
A: +LOS, swims, slowness 1, strong legs 1
a: Hop, Potion Petition, Call Merchant, Bribe Branch, Renounce Religion


You were on level 3 of the Dungeon.
You worshipped Gozag.
Gozag was aware of your devotion.
You were not hungry.

You visited 1 branch of the dungeon, and saw 3 of its levels.

You collected 317 gold pieces.
You paid 31 gold pieces to Gozag.

Inventory:

Hand Weapons
 a - a +0 short sword (weapon)
Missiles
 c - 6 javelins (quivered)
 q - a throwing net
Armour
 i - a +0 ring mail (worn)
   (You found it on level 1 of the Dungeon)
 r - a +0 cloak (worn)
   (You found it on level 3 of the Dungeon)
Jewellery
 g - an uncursed ring of protection from fire {unknown}
   (You found it on level 1 of the Dungeon)
 l - an uncursed ring of ice {unknown}
   (You found it on level 3 of the Dungeon)
Wands
 d - a wand of digging (5)
   (You found it on level 3 of the Dungeon)
Scrolls
 b - a scroll of blinking
 e - a scroll of teleportation
 f - a scroll of fog {unknown}
 h - 2 scrolls of identify
 j - a scroll of remove curse {unknown}
 k - a scroll of magic mapping {unknown}
 p - a scroll of amnesia {unknown}
Comestibles
 x - a ration


   Skills:
 + Level 4.4 Fighting
 + Level 5.1 Throwing
 - Level 2.1 Dodging
 - Level 0.8 Stealth


You had 3 spell levels left.
You didn't know any spells.
Your spell library contained the following spells:

 Spells                   Type           Power        Failure   Level  Hunger
 Animate Skeleton         Necr           N/A          56%         1    ##.....
 Pain                     Necr           #...         56%         1    ##.....
 Regeneration             Chrm/Necr      #.........   91%         3    ####...
 Vampiric Draining        Necr           #.........   91%         3    ####...
 Animate Dead             Necr           N/A          100%        4    #####..


Dungeon Overview and Level Annotations

Branches:
Dungeon (3/15)

Altars:
Ashenzari
Gozag
Trog


Innate Abilities, Weirdness & Mutations

Shadows flee at your approach. (+LOS)
You can swim through water.
You cover ground slowly.
You can hop short distances.


Message History

a +0 club; a +0 leather armour
Things that are here:
a +0 club; a +0 robe The hobgoblin shouts!
The hobgoblin is too close now for your liking.
Unknown command.
You closely miss the hobgoblin.
The hobgoblin hits you but does no damage.
You barely miss the hobgoblin. The hobgoblin misses you.
You closely miss the hobgoblin. The hobgoblin barely misses you.
You hit the hobgoblin but do no damage. The hobgoblin closely misses you. x2
You barely miss the hobgoblin. The hobgoblin closely misses you.
You closely miss the hobgoblin. The hobgoblin closely misses you.
You hit the hobgoblin but do no damage. The hobgoblin hits you.
You barely miss the hobgoblin.
The hobgoblin hits you but does no damage.
You hit the hobgoblin.
The hobgoblin is heavily wounded.
The hobgoblin closely misses you.
You hit the hobgoblin but do no damage.
The hobgoblin is heavily wounded.
The hobgoblin closely misses you.
You puncture the hobgoblin!
You kill the hobgoblin!
You now have 277 gold pieces (gained 9).
h - 3 scrolls labeled UROCHI VENUECH (gained 1)
You see here a +0 ring mail.
Okay, then.
A kobold comes into view. It is wielding a +0 club.
The kobold shouts!
Your ring mail prevents you from hitting the kobold.
The kobold misses you.
You hit the kobold but do no damage. The kobold hits you but does no damage.
You hit the kobold.
The kobold is heavily wounded.
The kobold hits you but does no damage.
You hit the kobold.
The kobold is severely wounded.
The kobold misses you.
You closely miss the kobold.
The kobold is severely wounded.
The kobold closely misses you.
You barely miss the kobold.
The kobold is severely wounded.
The kobold barely misses you.
You puncture the kobold!
You kill the kobold!
You now have 286 gold pieces (gained 9).
Things that are here:
a +0 club; 4 stones
Found a stone staircase leading down.
j - a scroll labeled ISUHAM JESOGH A centaur comes into view.
The centaur shouts!
The centaur wields a +4 shortbow of flaming.
It bursts into flame!
The centaur shoots an arrow.
The arrow hits you! The arrow burns you.
The centaur shoots an arrow.
The arrow hits you!
* * * LOW HITPOINT WARNING * * *
The arrow burns you.
* * * LOW HITPOINT WARNING * * *
You see here 2 arrows.
Unknown command.
Evoke which item? (* to show all) (? for menu, Esc to quit)
Okay, then.
Unknown command.
Unknown command.
Unknown command.
Unknown command.
Hop to where?
Press: ? - help, Dir - move target cursor Boing!
Unknown command.
You aren't carrying any potions.
Unknown command.
Unknown command.
As you read the scroll labeled UROCHI VENUECH, it crumbles to dust.
It is a scroll of identify.
b - a scroll of blinking
As you read the scroll labeled FOSUAM UPPIMAD, it crumbles to dust.
You feel strangely unstable.
It was a scroll of teleportation.
Okay, then.
Unknown command.
The centaur unwields a +4 shortbow of flaming.
It stops flaming.
The centaur hits you.
* * * LOW HITPOINT WARNING * * *
A leopard gecko comes into view.
The centaur hits you.
* * * LOW HITPOINT WARNING * * *
Unknown command.
Unknown command.
The leopard gecko hisses angrily.
You hit the centaur.
The centaur is lightly wounded.
The centaur hits you.
* * * LOW HITPOINT WARNING * * *
Unknown command.
The centaur wields a +4 shortbow of flaming.
It bursts into flame!
The centaur shoots an arrow.
The arrow hits you!
You die...
Your body crumbles into a pile of gold.

######## ##......#
#.....#.# #
#..##.#.###.##.##.
#.......c(...l...c
#...#.#.##########
#.....@.#
####......##
#.......#.#
#.##....#.#
#.##.##.#.# .#
#.##....#.# ..
#.##......# #. .#
#.####..### #.
##.# #..>....# ###
#. #..#


You could see a centaur.

Vanquished Creatures
  3 adders
  An ooze (D:1)
  2 worms
  2 dart slugs
  2 leopard geckos
  3 orcs (D:3)
  4 bats
  3 giant cockroaches
  9 hobgoblins
  4 kobolds
  2 quokkas (D:2)
  3 frilled lizards
  10 goblins
  9 rats
57 creatures vanquished.

Notes
Turn   | Place    | Note
-------+----------+-------------------------------------------
     0 | D:1      | magipi the Barachi Hunter began the quest for the Orb.
     0 | D:1      | Reached XP level 1. HP: 17/17 MP: 1/1
    84 | D:1      | Reached XP level 2. HP: 11/23 MP: 2/2
   658 | D:1      | Reached XP level 3. HP: 27/29 MP: 3/3
  1118 | D:2      | Found an opulent altar of Gozag.
  1134 | D:2      | Became a worshipper of Gozag Ym Sagoz the Greedy
  1427 | D:2      | Found a shattered altar of Ashenzari.
  1722 | D:2      | Reached XP level 4. HP: 12/37 MP: 4/4
  2566 | D:3      | Reached skill level 5 in Throwing
  2723 | D:3      | Found a bloodstained altar of Trog.
  3230 | D:3      | Noticed a centaur
  3238 | D:3      | HP: 1/38 [centaur (5)]
  3239 | D:3      | Shot with an arrow by a centaur

Levels and vault maps discovered:
D:1:      lightli_arrival_farm, layout_basic, lemuel_old_faithful
D:2:      layout_basic, lemuel_round_altar, evilmike_ruin_ashenzari
D:3:      layout_loops_cross, lemuel_crystal_altar,
          chequers_ecumenical_altar_simple_redux, kennysheep_decorative_pillar,
          uniq_robin

Skill      XL: |  1  2  3  4 |
---------------+-------------+-----
Fighting       | 3 4 |  4.4
Throwing       | 5 |  5.1
Dodging        | |  2.1
Stealth        | |  0.8

Action                   |  1- 3 |  4- 6 || total
-------------------------+-------+-------++-------
Melee: Short sword       |   134 |   141 ||   275
Throw: Javelin           |     9 |     6 ||    15
       Throwing net      |     2 |     1 ||     3
 Abil: Hop               |       |     1 ||     1
  Use: Potion            |       |     4 ||     4
       Scroll            |       |     2 ||     2
 Stab: Held in net/web   |     1 |       ||     1
  Eat: Ration            |     1 |     2 ||     3
       Chunk             |     1 |       ||     1
Armor: Leather armour    |    10 |       ||    10
       Ring mail         |    38 |    43 ||    81
Dodge: Dodged            |    85 |   106 ||   191

Action                   |  1- 3 |  4- 6 || total
-------------------------+-------+-------++-------
Melee: Short sword       |   134 |   141 ||   275
Throw: Javelin           |     9 |     6 ||    15
       Throwing net      |     2 |     1 ||     3
 Abil: Hop               |       |     1 ||     1
  Use: Potion            |       |     4 ||     4
       Scroll            |       |     2 ||     2
 Stab: Held in net/web   |     1 |       ||     1
  Eat: Ration            |     1 |     2 ||     3
       Chunk             |     1 |       ||     1
Armor: Leather armour    |    10 |       ||    10
       Ring mail         |    38 |    43 ||    81
Dodge: Dodged            |    85 |   106 ||   191
